 Dungeon Crawl Stone Soup version 0.29.1 (webtiles) character file.

Game seed: 3745575235491158354

180 greasedhog the Shooter (level 5, -6/34 HPs)
             Began as a Kobold Hunter on Sept 14, 2022.
             Mangled by a gnoll
             ... wielding a +0 flail
              (10 damage)
             ... on level 3 of the Dungeon.
             The game lasted 00:03:14 (3443 turns).

greasedhog the Shooter (Kobold Hunter)              Turns: 3443, Time: 00:03:14

Health: -6/34      AC:  3    Str:  9    XL:     5   Next: 91%
Magic:  5/5        EV: 14    Int: 10    God:
Gold:   183        SH:  0    Dex: 20    Spells: 4/4 levels left

rFire   . . .      SeeInvis .   a - +0 shortbow (freeze)
rCold   . . .      Faith    .   (shield currently unavailable)
rNeg    . . .      Spirit   .   c - +0 leather armour
rPois   .          Reflect  .   (no helmet)
rElec   .          Harm     .   (no cloak)
rCorr   .          Rampage  .   (no gloves)
Will    .....                   (no boots)
Stlth   +++.......              (no amulet)
HPRegen 0.11/turn               (no ring)
MPRegen 0.09/turn               (no ring)

@: no status effects
A: small, no large weapons, nightstalker 3
a: no special abilities


You were on level 3 of the Dungeon.
You visited 1 branch of the dungeon, and saw 3 of its levels.

You collected 183 gold pieces.

Inventory:

Hand Weapons
 a - a +0 shortbow of freezing (weapon)
 o - a +0 short sword
Armour
 c - a +0 leather armour (worn)
Scrolls
 b - a scroll of immolation
 d - a scroll of magic mapping
 g - a scroll of summoning
 l - a scroll of blinking {unknown}
 m - a scroll of enchant weapon {unknown}
 n - 3 scrolls of fear {unknown}
 p - 2 scrolls of fog
 s - a scroll of teleportation {unknown}
Potions
 e - 2 potions of invisibility {unknown}
 f - a potion of lignification {unknown}
 h - a potion of degeneration {unknown}
 i - 3 potions of curing {unknown}
 j - 2 potions of haste {unknown}
 k - a potion of brilliance {unknown}
 q - a potion of flight {unknown}
 r - 2 potions of resistance {unknown}


   Skills:
 * Level 4.6 Fighting
 * Level 7.2 Ranged Weapons
 - Level 2.4 Dodging
 - Level 1.3 Stealth


You had 4 spell levels left.
You didn't know any spells.
Your spell library contained the following spells:

 Spells                   Type           Power      Damage    Failure   Level
 Sandblast                Erth           0%         2d4       47%         1
 Passwall                 Tmut/Erth      0%         N/A       63%         2
 Stone Arrow              Conj/Erth      0%         3d7       85%         3


Dungeon Overview and Level Annotations

Branches:
Dungeon (3/15)

Altars:


Innate Abilities, Weirdness & Mutations

You are small and have problems with some larger weapons.
You are completely attuned to the shadows.


Message History

Things that are here:
a +0 dagger; a goblin corpse A gnoll comes into view.
It is wielding a +0 whip.
A gnoll is nearby!
A gnoll is nearby!
You shoot an arrow. The gnoll shouts!
The arrow hits the gnoll!
The arrow freezes the gnoll.
You kill the gnoll!
You hear a shout! x2
No target in view!
No target in view!
No target in view!
No target in view!
No target in view!
No target in view!
No target in view!
No target in view!
No target in view!
No target in view!
A gnoll is nearby!
A gnoll is nearby!
You shoot an arrow.
The arrow barely misses the gnoll. 2 gnolls come into view.
There are monsters nearby!
You shoot an arrow. The arrow closely misses the gnoll.
The gnoll barely misses you.
You shoot an arrow. The arrow hits the gnoll.
The arrow freezes the gnoll.
The gnoll is moderately wounded.
The gnoll hits you with a +0 flail! The gnoll hits you with a +0 spear.
The gnoll closely misses you. The gnoll hits you with a +0 spear.
You shoot an arrow. The arrow hits the gnoll.
The arrow freezes the gnoll.
The gnoll is heavily wounded.
The gnoll hits you with a +0 flail! The gnoll closely misses you.
You are too injured to fight recklessly!
The gnoll closely misses you. The gnoll attacks as you move away!
The gnoll hits you with a +0 flail!
* * * LOW HITPOINT WARNING * * *
The gnoll attacks as you move away! The gnoll hits you with a +0 flail!
You die...

...).....########................
.........##............####......
............####...#.######......
............####...#.####..).....
........###......###.#<.go.....##
.#.....#####......#....#.........
#######......###.................
####.####......)).............
#......##....@##.#####........
###..........##g#..####..[......
#...............g.....#.# ...
##.#.......##............# #.....
..........###...........# #.....
###.......##............####.....
#...............)....###.......
##.......#...............##....
#######.##.............###.....#


You could see 2 gnolls.

Vanquished Creatures
  An orc priest (D:3)
  2 orc wizards (D:3)
  A gnoll (D:3)
  2 adders
  2 worms (D:2)
  6 orcs (D:3)
  3 ball pythons
  4 endoplasms
  3 giant cockroaches
  8 goblins
  8 hobgoblins
  3 kobolds
  2 quokkas
  7 bats
  4 frilled lizards
  3 rats
59 creatures vanquished.

Notes
Turn   | Place    | Note
-------+----------+-------------------------------------------
     0 | D:1      | greasedhog the Kobold Hunter began the quest for the Orb.
     0 | D:1      | Reached XP level 1. HP: 12/12 MP: 1/1
   278 | D:1      | Reached XP level 2. HP: 12/18 MP: 2/2
   962 | D:1      | Reached XP level 3. HP: 23/23 MP: 3/3
  1316 | D:2      | Reached skill level 6 in Ranged Weapons
  1561 | D:2      | Reached XP level 4. HP: 17/28 MP: 4/4
  2693 | D:3      | Found a faded altar of an unknown god.
  3009 | D:3      | Reached XP level 5. HP: 32/33 MP: 5/5
  3149 | D:3      | Reached skill level 7 in Ranged Weapons
  3443 | D:3      | Mangled by a gnoll

Illustrated notes

Levels and vault maps discovered:
D:1:      dreamdust_arrival_sigmund_warning, layout_basic, minmay_tromino_i2
D:2:      layout_basic
D:3:      layout_rooms, chequers_ecumenical_altar_twisty

Skill      XL: |  1  2  3  4  5 |
---------------+----------------+-----
Fighting       | 3 4 |  4.6
Ranged Weapons | 6 7 |  7.2
Dodging        | |  2.4
Stealth        | |  1.3

Action                   |  1- 3 |  4- 6 || total
-------------------------+-------+-------++-------
 Fire: Shortbow          |    83 |    79 ||   162
  Use: Scroll            |       |     5 ||     5
Armor: Leather armour    |     7 |     3 ||    10
Dodge: Dodged            |    29 |    21 ||    50
